AoeStats
← ogipochi_

Black Forest

505599422Analyzed
3v3 RM · 23d ago on Sep 10, 2026· 112m 15s· 6 players
Game mode
Random Map
Map size
Normal (6 player)
Population
200
Speed
Normal
Resources
Standard
Victory
Conquest
Starting age
Dark Age
Ending age
Imperial Age
RankedLock teamsTeams togetherTeam positionsShared explorationLock speedFull tech treeHidden civsTurbo modeCheats
Victory
Defeat
🇯🇵 Wei · Japan
726
+15
🇨🇳 Magyars · China
694
+16
🇨🇳 Byzantines · China
625
+19
🇺🇸 Teutons · United States
733
-18
🇦🇷 Burgundians · Argentina
680
-16
🇺🇸 Hindustanis · United States
669
-16
ogipochi_
0:53 Loom
15:02 Feudal Age
15:48 Double-Bit Axe
15:54 Gold Mining
16:21 Stone Mining
16:26 Horse Collar
18:28 Wheelbarrow
24:46 Castle Age
22:44 Fishing Lines
23:37 Forging
25:33 Bloodlines
27:21 Iron Casting
26:52 Scale Barding Armor
27:21 Bow Saw
28:54 Husbandry
30:21 Hand Cart
36:46 Imperial Age
36:34 Chain Barding Armor
37:45 Heavy Hei Guang Cavalry
37:47 Light Cavalry
39:33 Blast Furnace
38:50 Hussar
39:58 Conscription
38:59 Elite Tiger Cavalry
39:40 Tuntian
40:32 Gold Shaft Mining
40:43 Stone Shaft Mining
40:49 Stone Shaft Mining
40:31 Gillnets
41:49 Ming Guang Armor
46:01 Ballistics
46:41 Chemistry
45:53 Fortified Wall
45:54 Masonry
45:40 Murder Holes
46:50 Caravan
58:08 Parthian Tactics
57:50 Thumb Ring
57:06 Crossbowman
58:11 Padded Archer Armor
58:01 Fletching
59:14 Leather Archer Armor
61:40 Bodkin Arrow
62:16 Ring Archer Armor
65:13 Bracer
82:03 Onager
菜鸟驿站
0:32 Loom
13:15 Feudal Age
14:07 Horse Collar
14:17 Double-Bit Axe
20:36 Castle Age
18:38 Gold Mining
18:39 Stone Mining
18:49 Stone Mining
34:14 Corvinian Army
36:47 Imperial Age
34:56 Wheelbarrow
35:38 Bow Saw
35:17 Town Watch
36:06 Scale Barding Armor
35:52 Fletching
36:19 Caravan
37:14 Gold Shaft Mining
37:12 Masonry
39:18 Bodkin Arrow
39:43 Chain Barding Armor
39:14 Elite Magyar Huszar
40:36 Hoardings
40:22 Conscription
44:53 Murder Holes
45:20 Ballistics
49:34 Parthian Tactics
49:16 Thumb Ring
55:14 Light Cavalry
74:41 Recurve Bow
76:50 Bracer
76:51 Padded Archer Armor
81:19 Heavy Cavalry Archer
105:42 Plate Barding Armor
105:23 Leather Archer Armor
柳巷镇清一色
12:16 Feudal Age
15:57 Castle Age
14:42 Double-Bit Axe
14:42 Horse Collar
28:49 Imperial Age
27:53 Bow Saw
28:30 Husbandry
29:21 Wheelbarrow
30:13 Gold Mining
30:01 Cavalier
32:40 Scale Barding Armor
32:46 Forging
32:37 Scale Mail Armor
32:34 Paladin
35:13 Heavy Camel Rider
36:36 Chain Barding Armor
36:51 Iron Casting
36:22 Caravan
36:53 Coinage
38:09 Conscription
48:18 Pikeman
54:56 Light Cavalry
84:25 Capped Ram
104:37 Siege Ram
CaptSquigglyP_IV
2:07 Loom
15:43 Feudal Age
16:10 Double-Bit Axe
17:13 Wheelbarrow
21:53 Castle Age
19:45 Horse Collar
20:27 Stone Mining
20:35 Gold Mining
24:25 Bow Saw
24:19 Heavy Plow
31:35 Grand Trunk Road
32:38 Hand Cart
36:09 Imperial Age
34:32 Thumb Ring
36:25 Ballistics
37:10 Conscription
37:56 Chemistry
37:28 Shatagni
39:45 Gold Shaft Mining
40:13 Two-Man Saw
40:05 Town Watch
40:24 Padded Archer Armor
40:15 Fletching
40:26 Scale Mail Armor
40:37 Forging
40:32 Scale Barding Armor
42:42 Pikeman
43:24 Squires
49:31 Husbandry
49:41 Bloodlines
fatfatfattie
0:42 Loom
12:21 Feudal Age
16:52 Castle Age
14:59 Horse Collar
15:18 Double-Bit Axe
18:21 Bow Saw
19:26 Heavy Plow
20:10 Stone Mining
20:40 Gold Mining
22:34 Caravan
24:44 Wheelbarrow
24:09 Town Watch
27:17 Stone Shaft Mining
28:02 Hand Cart
28:14 Fletching
28:36 Forging
32:07 Imperial Age
30:04 Fortified Wall
30:08 Masonry
30:17 Squires
32:27 Fletching
32:40 Scale Mail Armor
32:51 Forging
32:49 Scale Barding Armor
32:46 Padded Archer Armor
33:36 Crenellations
33:39 Conscription
32:42 Elite Teutonic Knight
33:58 Hoardings
34:41 Chemistry
34:14 Ballistics
34:24 Siege Engineers
35:41 Ironclad
38:27 Pikeman
40:26 Halberdier
41:45 Iron Casting
41:26 Chain Mail Armor
46:15 Blast Furnace
45:45 Plate Mail Armor
45:12 Bodkin Arrow
45:30 Arson
45:59 Bloodlines
46:29 Leather Archer Armor
63:39 Bombard Tower
63:33 Masonry
75:27 Onager
HELLsing
8:25 Loom
11:53 Feudal Age
10:34 Double-Bit Axe
12:48 Wheelbarrow
14:46 Hand Cart
22:17 Castle Age
20:37 Gold Mining
21:09 Bow Saw
21:08 Horse Collar
23:20 Gold Shaft Mining
22:52 Heavy Plow
23:05 Forging
28:11 Crop Rotation
28:43 Two-Man Saw
28:21 Iron Casting
27:22 Cavalier
32:23 Husbandry
32:50 Scale Barding Armor
35:26 Imperial Age
32:42 Town Watch
33:59 Chain Barding Armor
33:52 Stone Mining
33:45 Treadmill Crane
34:02 Murder Holes
36:38 Stone Shaft Mining
35:35 Paladin
38:42 Blast Furnace
38:18 Plate Barding Armor
38:11 Masonry
38:11 Town Patrol
39:10 Burgundian Vineyards
39:33 Elite Coustillier
41:59 Scale Mail Armor
41:50 Fletching
42:01 Padded Archer Armor
43:12 Chemistry
44:55 Chain Mail Armor
44:56 Leather Archer Armor
44:36 Pikeman
45:16 Squires
45:02 Arson
46:49 Conscription
Connection lost

Rejoining the realm…

Still unreachable

The connection could not be restored.

Session expired

The server has moved on; the page needs a fresh start.